 Dungeon Crawl Stone Soup version 0.30.0-5-g1a98f26d00 (webtiles) character file.

Game seed: 16348336150740048148

1581355 MacCMillion the Conqueror (level 27, 273/273 HPs)
             Began as a Minotaur Fighter on May 10, 2023.
             Was the Champion of Trog.
             Escaped with the Orb
             ... and 3 runes!
             The game lasted 02:46:32 (82583 turns).

MacCMillion the Conqueror (Minotaur Fighter)       Turns: 82583, Time: 02:46:32

Health: 273/273    AC: 45    Str: 43    XL:     27
Magic:  6/6        EV: 16    Int:  8    God:    Trog [******]
Gold:   5469       SH: 38    Dex: 14    Spells: 26/26 levels left

rFire   + + +        q - +9 broad axe (antimagic)
rCold   x x .        h - +8 tower shield "Japrorchi" {Int+3}
rNeg    + + +        L - +12 gold dragon scales
rPois   +            (helmet unavailable)
rElec   +            l - scarf {shadows}
rCorr   +            V - +2 pair of gloves
SInv    +            f - -2 pair of boots "Voggegei" {rC- rN+++ Regen+ Stlth-}
Will    ++...        i - amulet "Geyp" {Reflect rC- rCorr Str+6 SH+5 SInv} Stlth
                     H - ring of the Voivode {+Blink rPois Str+6 SInv}
HPRegen 1.45/turn    o - ring of the Summoning Queen {Fire rElec Slay+3}
MPRegen 0.10/turn

%: reflection
@: no status effects
A: horns 3, retaliatory headbutt, iridescent scales 1, fire resistance 1, low MP
1, screaming 1
0: Orb of Zot
}: 3/15 runes: serpentine, barnacled, silver
a: Renounce Religion, Evoke Blink, Berserk, Trog's Hand, Brothers in Arms


You escaped.
You worshipped Trog.
Trog was exalted by your worship.
You visited 11 branches of the dungeon, and saw 51 of its levels.
You visited the Abyss 1 time.
You visited 2 bazaars.
You also visited: Ossuary, Bailey, Gauntlet and Ice Cave.

You collected 9813 gold pieces.
You spent 4344 gold pieces at shops.

Inventory:

Hand Weapons
 q - a +9 antimagic broad axe (weapon)
 w - a +9 broad axe of flaming
Missiles
 b - 23 javelins
 u - 20 silver javelins
 G - 14 throwing nets
Armour
 f - the -2 pair of boots "Voggegei" (worn) {rC- rN+++ Regen+ Stlth-}
   (You bought it in a shop in a bazaar)

   rC:        It makes you vulnerable to cold.
   rN:        It renders you almost immune to negative energy.
   Regen:     It increases your rate of health regeneration.
   Stlth:     It makes you less stealthy.
 h - the +8 tower shield "Japrorchi" (worn) {Int+3}
   (You took it off Louise on level 4 of the Snake Pit)

   Int:       It affects your intelligence (+3).
 k - the +3 plate armour of Shielding {Rampage Stlth+}
   (You bought it in a shop in a bazaar)

   Rampage:   It bestows one free step when moving towards enemies.
   Stlth:     It makes you more stealthy.
 l - a scarf of shadows (worn)
 L - +12 gold dragon scales (worn)
 V - a +2 pair of gloves (worn)
 X - a +2 pair of boots
Jewellery
 i - the amulet "Geyp" (around neck) {Reflect rC- rCorr Str+6 SH+5 SInv}
   (You took it off a tengu reaver on level 2 of the Depths)

   [amulet of reflection]

   It reflects blocked missile attacks.
   Str:       It affects your strength (+6).
   rC:        It makes you vulnerable to cold.
   SInv:      It lets you see invisible.
   rCorr:     It protects you from acid and corrosion.
   SH:        It affects your SH (+5).
 j - a ring of protection from fire
 n - a ring of positive energy
 o - the ring of the Summoning Queen (right hand) {Fire rElec Slay+3}
   (You acquired it in a bazaar)

   [ring of fire]

   It enhances your fire magic.
   Slay:      It affects your accuracy & damage with ranged weapons and melee
   (+3).
   rF:        It protects you from fire.
   rC:        It makes you vulnerable to cold.
   rElec:     It insulates you from electricity.
 E - the ring "Qefrisusch" {rN+ rCorr MP+9 Int-4 Slay+4}
   (You found it on level 3 of the Crypt)

   [ring of positive energy]

   Int:       It affects your intelligence (-4).
   Slay:      It affects your accuracy & damage with ranged weapons and melee
   (+4).
   rN:        It protects you from negative energy.
   MP:        It affects your magic capacity (+9).
   rCorr:     It protects you from acid and corrosion.
 H - the ring of the Voivode (left hand) {+Blink rPois Str+6 SInv}
   (You found it in a Gauntlet)

   [ring of see invisible]

   Str:       It affects your strength (+6).
   rPois:     It protects you from poison.
   SInv:      It lets you see invisible.
   +Blink:    It lets you blink.
 Q - the ring of Sunlounn {*Corrode Fly rElec rC+++ Dex-4}
   (You found it on level 5 of the Vaults)

   [ring of flight]

   Dex:       It affects your dexterity (-4).
   rC:        It renders you almost immune to cold.
   rElec:     It insulates you from electricity.
   Fly:       It grants you flight.
   *Corrode:  It may corrode you when you take damage.
 W - the ring "Homaytace" {rCorr Dex+8}
   (You took it off a vault warden on level 5 of the Vaults)

   [ring of resist corrosion]

   Dex:       It affects your dexterity (+8).
   rCorr:     It protects you from acid and corrosion.
 Y - a ring of protection from cold
Wands
 c - a wand of flame (95) (quivered)
 v - a wand of quicksilver (59)
 J - a wand of digging (17)
 K - a wand of roots (46)
 U - a wand of mindburst (28)
 Z - a wand of polymorph (13)
Scrolls
 p - 8 scrolls of blinking
 y - 14 scrolls of fog
 z - 13 scrolls of immolation
 A - 5 scrolls of magic mapping
 B - 5 scrolls of butterflies
 C - 9 scrolls of fear
 I - 9 scrolls of poison
 M - 14 scrolls of vulnerability
 P - 2 scrolls of silence
 R - 2 scrolls of torment
 T - 10 scrolls of teleportation
Potions
 d - 7 potions of might
 e - 4 potions of cancellation
 g - 17 potions of heal wounds
 m - 15 potions of curing
 r - 13 potions of attraction
 s - 12 potions of haste
 t - 9 potions of ambrosia
 x - 10 potions of lignification
 D - 14 potions of mutation
 F - 10 potions of invisibility
 O - 4 potions of resistance
Miscellaneous
 a - a phial of floods
 N - a box of beasts
 S - a condenser vane


   Skills:
 O Level 27 Fighting
 O Level 27 Axes
 O Level 27 Armour
 + Level 16.9 Dodging
 O Level 27 Shields
 - Level 17.7 Evocations


You had 26 spell levels left.
You didn't know any spells.
Your spell library was empty.

Dungeon Overview and Level Annotations

Branches:
Dungeon (15/15)            Temple (1/1) D:6            Lair (5/5) D:11
 Shoals (4/4) Lair:2        Snake (4/4) Lair:2        Slime (0/5) Lair:5
    Orc (2/2) D:11            Elf (3/3) Orc:2        Vaults (5/5) D:14
  Crypt (3/3) Vaults:3       Tomb (0/3) Crypt:3      Depths (4/4) D:15
    Zot (5/5) Depths:4    Ossuary (visited)          Bailey (visited)
  IceCv (visited)         Gauntlet (visited)

Altars:
Ashenzari
Cheibriados
Dithmenos
Elyvilon
Fedhas
Gozag
Hepliaklqana
Kikubaaqudgha
Makhleb
Nemelex Xobeh
Okawaru
Qazlal
Ru
Sif Muna
Trog
Uskayaw
Vehumet
Wu Jian
Xom
Yredelemnul
Zin
The Shining One

Shops:
D:13 ([[=(   D:14 =   Orc:2 !:[!*   Elf:3 (*   Shoals:1 ?   Shoals:3 *
Vaults:4 (   Vaults:5 (   Depths:2 ?

Portals:
Hell: Depths:2 Depths:3 Depths:4
Abyss: Depths:3
Pandemonium: Depths:2
Ziggurat: Depths:4

Annotations:
Depths:1 exclusion: hell hog
Zot:1 4 transporters
Zot:2 6 runed translucent doors


Innate Abilities, Weirdness & Mutations

You have a pair of large horns on your head.
You reflexively headbutt those who attack you in melee.
You are partially covered in iridescent scales. (AC +2)
Your flesh is heat resistant. (rF+)
Your magical capacity is low. (-10% MP)
You occasionally shout uncontrollably at your foes.


Message History

The hellephant is moderately wounded.
You block the hellephant's attack. x3
You slice the hellephant like a ripe choko!!!
The hellephant's magic leaks into the air.
You headbutt the hellephant!!
The hellephant is severely wounded.
The hellephant falters for a moment.
You cut the hellephant into ribbons!!!
You kill the hellephant!
Trog accepts your kill.
No target in view!
(D) Dungeon (T) Temple (L) Lair (A) Shoals (P) Snake Pit (M) Slime Pits (O) Orcish Mines (E) Elven Halls (V) Vaults (C) Crypt (W) Tomb (U) Depths (H) Hell (Z) Zot
Where to? (Enter - D:1 @ (x,y), ? - help)
What level of the Dungeon? (default 1, ? - help) HP restored.
There is a stone staircase leading up here.
You climb upwards.
There is a stone staircase leading down here.
A Brimstone Fiend comes into view.
There is a staircase leading out of the dungeon here.
You carve the Brimstone Fiend like a ham!!!
The Brimstone Fiend's magic leaks into the air.
You headbutt the Brimstone Fiend, but do no damage.
The Brimstone Fiend is moderately wounded.
You slice the Brimstone Fiend!!
The Brimstone Fiend's magic leaks into the air.
You headbutt the Brimstone Fiend!
The Brimstone Fiend is severely wounded.
You slice the Brimstone Fiend!!
The Brimstone Fiend's magic leaks into the air.
You headbutt the Brimstone Fiend.
You kill the Brimstone Fiend!
Trog accepts your kill.
No target in view!
There is a stone staircase leading down here.
There is a staircase leading out of the dungeon here.
You have escaped!

####..###.#........#.#....#.###+#
..........#.....##.#.###..#.# #.#
####..#####..........###..#.# #.#
####..#####...#####.........# #.#
..........................### #.#
##.......##...........##.######.#
...≈≈≈≈...##...≈≈≈≈...##.........
..≈≈≈≈≈≈......≈§≈≈.≈......#####.#
..≈≈≈≈≈≈......≈≈@>≈≈.####..##....
..≈≈≈≈≈≈......≈≈≈≈≈≈.# ##..#.#.#
.).≈≈≈≈..####.[§≈§≈..# ##.#.#.#
.#......## ##.......######...#.#
........# #...................
........## ##..##.#########....#
#####....####..###..............#
.......#......## ######..##.##..#
###.#..######## #).##.##..#


There were no monsters in sight!

Vanquished Creatures
  A seraph (D:13)
  3 dread liches
  4 ancient liches
  2 orbs of fire
  Sojobo (Crypt:3)
  Boris (Crypt:1)
  Vv (Zot:1)
  12 Killer Klowns
  Xtahua (Crypt:1)
  Frederick (Crypt:2)
  Saint Roka (Crypt:3)
  4 curse toes
  Nikola (Shoals:4)
  A profane servitor (Depths:2)
  9 golden dragons
  A bone dragon (Abyss:2)
  2 doom hounds (Crypt:1)
  A Tzitzimitl (Crypt:1)
  3 electric golems (Zot:5)
  A Brimstone Fiend (D:1)
  The ghost of Muvus the Executioner, an adept DsFi of Uskayaw (Vaults:2)
  22 tentacled monstrosities
  2 hellephants
  An Ice Fiend (D:2)
  24 Orb Guardians
  5 quicksilver dragons
  4 liches
  A walking earthen tome (Depths:3)
  4 deep elf blademasters
  Grunn (Crypt:1)
  7 titans
  Asterion (Vaults:3)
  A tentacled starspawn (Abyss:2)
  An Executioner (Depths:2)
  14 death cobs
  4 deep elf master archers (Elf:3)
  11 sphinxes
  A kraken (Shoals:4)
  The ghost of wjtupper the Warrior, an adept MiHu of Okawaru (Snake:2)
  Donald (Snake:1)
  7 ancient champions
  15 tengu reavers
  10 storm dragons
  Agnes (D:14)
  10 draconian monks
  12 shadow dragons
  8 draconian knights
  4 nagarajas (Snake:4)
  2 revenants
  A daeva (D:13)
  9 fire giants
  Louise (Snake:4)
  7 frost giants
  9 draconian scorchers
  2 iron dragons (Vaults:5)
  9 deep elf sorcerers
  26 vault wardens
  7 orc warlords
  8 deep elf elementalists (Elf:3)
  4 ghost moths
  19 ironbound preservers
  Aizul (Shoals:4)
  2 angels (D:13)
  4 draconian stormcallers
  6 ghouls
  9 draconian annihilators
  28 very ugly things
  2 reapers
  8 draconian shifters
  15 green draconians
  4 ironbound thunderhulks
  17 stone giants
  A caustic shrike skeleton (Depths:2)
  15 vampire knights
  4 spriggan defenders
  2 war gargoyles (Vaults:3)
  An eleionoma (shapeshifter) (D:15)
  The ghost of Opnastoc the Severer, a journeyman MiBe of Trog (D:14)
  4 deep elf demonologists
  13 black draconians
  4 deep elf annihilators (Elf:3)
  4 minotaurs
  A putrid mouth (Crypt:1)
  11 red draconians
  11 purple draconians
  14 white draconians
  4 dire elephants (Vaults:2)
  7 yellow draconians
  3 spark wasps (Depths:1)
  6 eidola
  Snorg (D:10)
  4 merfolk javelineers
  16 ettins
  4 deep elf death magi
  13 jiangshi
  A blizzard demon (Gauntlet)
  8 deep elf high priests
  An entropy weaver (Vaults:3)
  Harold (Lair:2)
  7 fire dragons
  Josephine (D:10)
  9 merfolk impalers
  31 vault guards
  4 great orbs of eyes
  15 yaktaur captains
  A hydra (shapeshifter) (D:15)
  12 hydras
  10 ice dragons
  2 spriggan zombies
  2 ogre magi
  A peacekeeper (Vaults:3)
  A caustic shrike simulacrum (Depths:2)
  An Orb Guardian zombie (Crypt:2)
  4 rakshasas
  A hell beast (Depths:3)
  A spriggan air mage (Depths:1)
  An ice dragon (shapeshifter) (Vaults:5)
  8 ironbound frosthearts
  6 salamander tyrants
  Erica (D:8)
  A catoblepas (Lair:4)
  14 centaur warriors
  14 anacondas
  27 dancing weapons
  6 death knights
  A merfolk aquamancer (Shoals:4)
  15 satyrs
  5 death yaks (Gauntlet)
  4 tengu warriors
  4 boulder beetles
  3 alligator snapping turtles
  9 two-headed ogres
  14 deep troll earth magi
  A death yak (shapeshifter) (Vaults:5)
  14 naga sharpshooters
  16 naga warriors
  3 thrashing horrors (Abyss:2)
  6 orc high priests
  11 vampire magi
  Urug (D:11)
  4 deep troll shamans
  5 spriggan berserkers
  7 shock serpents
  A hell knight (Depths:2)
  17 deep elf knights
  A titan zombie (Crypt:3)
  Sonja (Lair:2)
  2 sun demons (Depths:1)
  A storm dragon zombie (Crypt:3)
  3 soul eaters
  6 skysharks
  3 spriggans (Depths:2)
  Amaemon (D:8)
  A wretched star (Abyss:2)
  3 salamander mystics
  A spectral human (Vaults:2)
  A goliath frog (Lair:5)
  40 skeletal warriors
  A storm dragon skeleton (Crypt:1)
  66 deep trolls
  A shadow wraith (Vaults:2)
  9 sea snakes
  3 bunyip zombies
  9 iron trolls
  A spriggan rider (Depths:2)
  4 glowing orange brains
  22 ironbound convokers
  A death drake (shapeshifter) (D:14)
  5 flayed ghosts
  A sea snake (shapeshifter) (Vaults:5)
  A spark wasp zombie (Depths:2)
  12 deep elf archers
  3 naga ritualists
  A sphinx zombie (Depths:2)
  2 bog bodies (Crypt:2)
  An orange crystal statue (IceCv)
  A golden dragon skeleton (Depths:2)
  12 harpies
  12 wizards
  Pikel (D:5)
  A harpy (shapeshifter) (Elf:1)
  2 steelbarb worms (shapeshifter)
  9 lindwurms
  22 phantasmal warriors
  A large abomination (Abyss:2)
  19 orc knights
  7 necromancers
  5 orc sorcerers
  The ghost of FelidPro the Zephyrmancer, a novice FeAE (D:11)
  A frost giant zombie (Depths:2)
  An oklob plant (Lair:1)
  9 mana vipers
  3 iron dragon zombies (Crypt:3)
  A sphinx skeleton (Vaults:5)
  43 ugly things
  23 manticores
  18 fauns
  An eleionoma zombie (Crypt:3)
  21 deep elf zephyrmancers
  7 cyclopes
  A tengu skeleton (Vaults:3)
  21 deep elf pyromancers
  3 elephants (Lair:3)
  14 salamanders
  14 moths of wrath
  8 merfolk sirens
  31 black mambas
  2 rust devils
  18 vault sentinels
  6 water nymphs
  5 guardian serpents
  8 naga magi
  2 alligator snapping turtle zombies
  A dire elephant zombie (Crypt:3)
  An apocalypse crab (Abyss:2)
  2 stone giant skeletons
  Maggie (D:9)
  A titan simulacrum (Vaults:5)
  A cane toad (shapeshifter) (Elf:3)
  2 gargoyles (D:11)
  An orange demon (D:8)
  An eye of devastation (shapeshifter) (Depths:1)
  A torpor snail (Gauntlet)
  2 kobold demonologists
  2 minotaur zombies (Gauntlet)
  4 rime drakes
  69 yaktaurs
  A hellion (Depths:1)
  2 shock serpent skeletons (Crypt:2)
  27 cane toads
  2 tormentors (Crypt:1)
  An orb spider zombie (Crypt:3)
  4 komodo dragons
  6 guardian mummies (Zot:2)
  7 freezing wraiths
  An unseen horror (shapeshifter) (Vaults:5)
  A death yak skeleton (Crypt:3)
  4 anaconda simulacra (IceCv)
  4 tengu conjurers
  An ice devil (Gauntlet)
  An iron troll zombie (Crypt:2)
  2 ancient zymes (Abyss:2)
  A golden dragon simulacrum (IceCv)
  A harpy zombie (Crypt:3)
  3 tyrant leeches (Lair:5)
  49 merfolk
  2 polar bears
  A meliai (D:11)
  Grinder (D:3)
  12 trolls
  9 wind drakes
  6 hornets
  4 raiju (Abyss:2)
  An ettin zombie (Crypt:3)
  A tarantella (shapeshifter) (Vaults:5)
  19 blink frogs
  5 dream sheep
  6 snapping turtles
  2 ice dragon zombies
  4 flying skulls (Crypt:2)
  Sigmund (D:5)
  3 air elementals (Elf:3)
  A shadow (D:11)
  10 water elementals
  36 slime creatures
  3 dire elephant simulacra (Snake:4)
  A guardian serpent skeleton (Crypt:1)
  6 wyverns
  23 wraiths
  Eustachio (D:6)
  A vampire (D:13)
  An elf simulacrum (Vaults:3)
  58 yaks
  6 basilisks
  3 fire elementals
  19 vampire mosquitoes
  A chaos spawn (Abyss:2)
  A redback (shapeshifter) (D:15)
  3 redbacks (Vaults:3)
  A harpy simulacrum (Snake:4)
  6 wargs
  2 human zombies
  A glowing shapeshifter zombie (Crypt:3)
  A hydra simulacrum (IceCv)
  54 nagas
  An acid dragon (D:10)
  2 floating eyes
  21 water moccasins
  2 hornet zombies (Ossuary)
  A black bear (shapeshifter) (D:15)
  54 orc warriors
  2 sky beasts
  7 black bears
  3 ice beasts
  14 ogres
  3 alligator simulacra
  4 wolves
  A centaur (shapeshifter) (D:15)
  2 phantoms
  7 centaurs
  A hog skeleton (Crypt:3)
  4 kobold brigands
  A lindwurm skeleton (Crypt:2)
  4 gnoll sergeants
  12 bullfrogs
  2 wyvern zombies (Ossuary)
  2 deep troll simulacra (Snake:4)
  2 necrophages (Crypt:2)
  A scorpion (D:7)
  2 earth elementals
  A water moccasin zombie (Ossuary)
  10 wights
  59 killer bees
  A water moccasin skeleton (Crypt:1)
  A lindwurm simulacrum (Snake:4)
  9 howler monkeys
  3 electric eels
  5 centaur zombies
  A crimson imp (Abyss:2)
  8 bullfrog zombies (Ossuary)
  2 hounds
  A jelly (Lair:5)
  A black bear zombie (Crypt:2)
  42 orc priests
  An iron imp (Abyss:2)
  10 iguanas
  24 orc wizards
  A sleepcap (D:8)
  4 hell rats (Lair:3)
  3 killer bee zombies (Ossuary)
  An acid dragon skeleton (Crypt:2)
  A naga skeleton (Crypt:1)
  10 mummies
  3 howler monkey zombies (Ossuary)
  21 gnolls
  9 adders
  2 white imps
  4 ufetubi
  A lava snake zombie (Crypt:2)
  5 worms
  2 dart slugs (D:2)
  99 orcs
  9 bats
  3 endoplasms
  8 giant cockroaches
  13 goblins
  5 hobgoblins
  9 jackals
  5 quokkas
  5 ball pythons
  4 frilled lizards
  A frilled lizard zombie (Crypt:3)
  A hobgoblin skeleton (Crypt:3)
  A hobgoblin zombie (D:4)
  17 kobolds
  A kobold skeleton (Crypt:3)
  A kobold zombie (D:4)
  A quokka zombie (Crypt:1)
  6 rats
  3 butterflies
  3 spectral weapons
  3 tentacles (Shoals:4)
2585 creatures vanquished.

Vanquished Creatures (collateral kills)
  A deep elf annihilator (Elf:3)
  An ettin (Depths:2)
  A deep elf death mage (Elf:3)
  2 vault guards (Vaults:5)
  An ironbound convoker (Vaults:5)
  2 cane toads (Lair:5)
  2 dream sheep (Lair:5)
  An orc warrior (Orc:1)
  An orc (Orc:1)
12 creatures vanquished.

Vanquished Creatures (others)
  2 draconian knights
  2 fire giants
  A deep elf knight (Elf:1)
  A naga (Snake:4)
  7 tentacles (Shoals:4)
13 creatures vanquished.

Grand Total: 2610 creatures vanquished

Notes
Turn   | Place    | Note
-------+----------+-------------------------------------------
     0 | D:1      | MacCMillion the Minotaur Fighter began the quest for the
                  | Orb.
     0 | D:1      | Reached XP level 1. HP: 19/19 MP: 0/0
    42 | D:1      | Reached XP level 2. HP: 21/26 MP: 1/1
   907 | D:2      | Found a hazy altar of Hepliaklqana.
   916 | D:1      | Reached XP level 3. HP: 13/31 MP: 2/2
  1047 | D:2      | Found a faded altar of an unknown god.
  1092 | D:2      | Reached skill level 5 in Axes
  1092 | D:2      | Reached XP level 4. HP: 39/39 MP: 3/3
  1460 | D:3      | Found a hazy altar of Hepliaklqana.
  1569 | D:3      | Noticed Grinder
  1571 | D:3      | Found a snail-covered altar of Cheibriados.
  1578 | D:3      | Gained mutation: Your magical capacity is low. (-10% MP)
                  | [potion of mutation]
  1578 | D:3      | Gained mutation: You are partially covered in iridescent
                  | scales. (AC +2) [potion of mutation]
  1578 | D:3      | Gained mutation: You have a pair of large horns on your
                  | head. [potion of mutation]
  1613 | D:3      | Paralysed by Grinder for 3 turns
  1621 | D:3      | Paralysed by Grinder for 2 turns
  1628 | D:3      | Killed Grinder
  1629 | D:3      | Reached XP level 5. HP: 23/45 MP: 3/3
  1629 | D:3      | Reached XP level 6. HP: 26/51 MP: 4/4
  1899 | D:3      | Found an opulent altar of Gozag.
  2564 | D:3      | Reached XP level 7. HP: 17/57 MP: 5/5
  3432 | D:4      | Found a sand-covered staircase.
  3440 | Ossuary  | Entered an ossuary
  3467 | Ossuary  | Reached skill level 10 in Axes
  3638 | Ossuary  | Reached XP level 8. HP: 58/67 MP: 6/6
  3708 | Ossuary  | Reached skill level 5 in Armour
  3727 | Ossuary  | Reached skill level 5 in Fighting
  4414 | D:4      | Found an ornate altar of the Wu Jian Council.
  4674 | D:4      | Reached XP level 9. HP: 59/75 MP: 7/7
  4895 | D:5      | Entered Level 5 of the Dungeon
  5088 | D:5      | Noticed Pikel
  5100 | D:5      | Killed Pikel
  5287 | D:5      | Found a radiant altar of Vehumet.
  5765 | D:5      | Noticed Sigmund
  5956 | D:6      | Noticed Eustachio
  5988 | D:6      | Killed Eustachio
  6255 | D:6      | Found an ancient bone altar of Kikubaaqudgha.
  6408 | D:6      | Found a staircase to the Ecumenical Temple.
  6431 | Temple   | Entered the Ecumenical Temple
  6612 | Temple   | Became a worshipper of Trog the Wrathful
  7124 | D:7      | Reached XP level 10. HP: 88/88 MP: 8/8
  7272 | D:7      | Reached * piety under Trog
  7846 | D:8      | Noticed a two-headed ogre
  7855 | D:8      | Killed a two-headed ogre
  7908 | D:8      | Noticed Amaemon
  7912 | D:8      | Noticed an orange demon
  7935 | D:8      | Killed an orange demon
  7943 | D:8      | Killed Amaemon
  7944 | D:8      | Reached skill level 15 in Axes
  8016 | D:8      | Found a large runed translucent door.
  8020 | D:8      | Found a large runed translucent door.
  8048 | D:8      | Found a large runed translucent door.
  8050 | D:8      | Found a large runed translucent door.
  8065 | D:8      | Noticed a cyclops
  8089 | D:8      | Noticed Erica
  8121 | D:8      | Killed Erica
  8145 | D:8      | Reached ** piety under Trog
  8151 | D:8      | Reached XP level 11. HP: 65/99 MP: 8/8
  8305 | D:8      | Found a flagged portal.
  8316 | Bailey   | Entered a bailey
  8523 | Bailey   | Noticed an orc knight
  8541 | Bailey   | Killed an orc knight
  8888 | D:8      | Found a blossoming altar of Fedhas.
  9273 | D:8      | Noticed a centaur warrior
  9487 | D:8      | Reached skill level 10 in Fighting
  9487 | D:8      | Reached skill level 10 in Armour
  9495 | D:8      | Noticed a death knight
  9504 | D:8      | Killed a death knight
  9505 | D:8      | Reached skill level 1 in Dodging
  9542 | D:8      | Identified the staff of air "Deitri" {+Blink Fly rElec}
  9644 | D:8      | Killed a centaur warrior
  9705 | D:8      | Identified the +12 sling of the Illusory Brambles {freeze,
                  | Contam rF+ Int+3}
  9948 | D:9      | Reached skill level 1 in Evocations
 10089 | D:9      | Reached *** piety under Trog
 10349 | D:9      | Found a glowing golden altar of the Shining One.
 10400 | D:9      | Noticed Maggie
 10416 | D:9      | Killed Maggie
 10469 | D:9      | Found a shadowy altar of Dithmenos.
 10810 | D:10     | Entered Level 10 of the Dungeon
 10845 | D:10     | Paralysed by a hornet for 2 turns
 10949 | D:10     | Noticed Josephine
 10966 | D:10     | Killed Josephine
 10977 | D:10     | Reached skill level 5 in Dodging
 10980 | D:10     | Found an iron altar of Okawaru.
 11263 | D:10     | Reached XP level 12. HP: 110/110 MP: 9/9
 11419 | D:10     | Noticed Snorg
 11431 | D:10     | Killed Snorg
 11490 | D:10     | Found a basalt altar of Yredelemnul.
 11723 | D:10     | Reached **** piety under Trog
 12193 | D:11     | Found a staircase to the Lair.
 12222 | D:11     | Found a transporter.
 12223 | D:11     | Found a transporter.
 12223 | D:11     | Noticed FelidPro's ghost (novice FeAE)
 12447 | D:11     | Noticed Urug
 12459 | D:11     | Killed Urug
 12594 | D:11     | Found a staircase to the Orcish Mines.
 12605 | D:11     | Reached skill level 5 in Evocations
 12620 | D:11     | Reached ***** piety under Trog
 13190 | Lair:1   | Entered Level 1 of the Lair of Beasts
 13596 | Lair:1   | Reached skill level 5 in Shields
 13762 | Lair:1   | Received a gift from Trog
 14085 | Lair:1   | Reached XP level 13. HP: 73/119 MP: 10/10
 14823 | Lair:2   | Found a staircase to the Shoals.
 15404 | Lair:2   | Noticed Harold
 15412 | Lair:2   | Killed Harold
 15547 | Lair:2   | Found a staircase to the Snake Pit.
 15632 | Lair:2   | Noticed Sonja
 15909 | Lair:3   | Received a gift from Trog
 15941 | Lair:3   | Found a gate leading to a gauntlet.
 15949 | Gauntlet | Entered a Gauntlet
 15950 | Gauntlet | Noticed a blizzard demon
 15956 | Gauntlet | Found a transporter.
 15956 | Gauntlet | Found a transporter.
 15964 | Gauntlet | Found a transporter.
 16005 | Gauntlet | Found a transporter.
 16025 | Gauntlet | Found a transporter.
 16033 | Gauntlet | Found a transporter.
 16044 | Gauntlet | Found a transporter.
 16058 | Gauntlet | Found a transporter.
 16069 | Gauntlet | Found a transporter.
 16083 | Gauntlet | Found a transporter.
 16089 | Gauntlet | Found a transporter.
 16110 | Gauntlet | Found a transporter.
 16161 | Gauntlet | Killed a blizzard demon
 16429 | Gauntlet | Identified the ring of the Voivode {+Blink rPois Str+6
                  | SInv}
 16453 | Gauntlet | Reached skill level 10 in Shields
 16781 | Gauntlet | Noticed a minotaur
 16791 | Gauntlet | Killed a minotaur
 19125 | Lair:5   | Entered Level 5 of the Lair of Beasts
 19177 | Lair:5   | Reached XP level 14. HP: 62/129 MP: 11/11
 20703 | Lair:5   | Identified the ring of Usece {Fire Contam rN+ Dex+3}
 20778 | Lair:5   | Found a staircase to the Slime Pits.
 22227 | Orc:1    | Entered Level 1 of the Orcish Mines
 22696 | Orc:1    | Noticed an orc warlord
 22706 | Orc:1    | Killed an orc warlord
 22707 | Orc:1    | Reached skill level 15 in Fighting
 22715 | Orc:1    | Reached skill level 15 in Armour
 22723 | Orc:1    | Noticed an orc warlord
 22779 | Orc:1    | Killed an orc warlord
 23055 | Orc:1    | Identified the staff of cold "Wiungovo" {rF- rC+ Int+5}
 23177 | Orc:2    | Entered Level 2 of the Orcish Mines
 23193 | Orc:2    | Reached XP level 15. HP: 138/141 MP: 9/12
 23257 | Orc:2    | Reached ****** piety under Trog
 23780 | Orc:2    | Received a gift from Trog
 24002 | Orc:2    | Found Moodoubb's Armour Shoppe.
 24475 | Orc:2    | Reached skill level 15 in Shields
 24659 | Orc:2    | Found Rihurghus's Assorted Antiques.
 24659 | Orc:2    | Found Ezxarev's Distillery.
 24660 | Orc:2    | Found Pawoith's Distillery.
 24660 | Orc:2    | Found Wurch's Book Shop.
 24670 | Orc:2    | Bought a potion of cancellation for 96 gold pieces
 24673 | Orc:2    | Bought 2 potions of resistance for 240 gold pieces
 24673 | Orc:2    | Bought a potion of might for 48 gold pieces
 24789 | Orc:2    | Found a staircase to the Elven Halls.
 24920 | Orc:2    | Bought a scroll labelled MOMECI JEIBEF for 33 gold pieces
 25137 | D:12     | Found a white marble altar of Elyvilon.
 26459 | D:13     | Found Qurph's Weapon Shop.
 26749 | D:13     | Found Negoonal's Armour Emporium.
 26754 | D:13     | Found Rahock's Armour Emporium.
 26758 | D:13     | Bought a +2 pair of gloves for 247 gold pieces
 26764 | D:13     | Found Ywarauwi's Jewellery Emporium.
 26766 | D:13     | Found Vycse's Weapon Emporium.
 26851 | D:13     | Bought the brooch of Shielding {Spirit SH+8} for 1040 gold
                  | pieces
 26851 | D:13     | Found the brooch of Shielding {Spirit SH+8}
 27217 | D:14     | Received a gift from Trog
 27250 | D:14     | Noticed Agnes
 27262 | D:14     | Killed Agnes
 27296 | D:14     | Paralysed by an ogre mage for 4 turns
 27732 | D:14     | Found a transporter.
 27745 | D:14     | Found a transporter.
 27779 | D:14     | Identified the +7 giant club of Neohyici {flame, Fly
                  | Stlth+}
 27779 | D:14     | Noticed a fire giant
 27780 | D:14     | Noticed Opnastoc's ghost (journeyman MiBe)
 27930 | D:14     | Found Cocvax's Jewellery Shoppe.
 27998 | D:14     | Found a gate to the Vaults.
 28113 | D:15     | Entered Level 15 of the Dungeon
 28485 | D:15     | Found a huge runed gate.
 28486 | D:15     | Found a huge runed gate.
 28486 | D:15     | Found a huge runed gate.
 28487 | D:15     | Found a huge runed gate.
 28487 | D:15     | Found a huge runed gate.
 28489 | D:15     | Found a huge runed gate.
 28489 | D:15     | Found a huge runed gate.
 28490 | D:15     | Found a huge runed gate.
 28490 | D:15     | Found a huge runed gate.
 28491 | D:15     | Found a huge runed gate.
 28492 | D:15     | Found a huge runed gate.
 28493 | D:15     | Found a huge runed gate.
 28494 | D:15     | Found a huge runed gate.
 28495 | D:15     | Found a huge runed gate.
 28872 | D:15     | Found a staircase to the Depths.
 28872 | D:15     | Noticed a fire giant
 28879 | D:15     | Killed a fire giant
 29024 | D:15     | Found a huge runed gate.
 29024 | D:15     | Found a huge runed gate.
 29025 | D:15     | Found a huge runed gate.
 29026 | D:15     | Found a huge runed gate.
 29026 | D:15     | Found a huge runed gate.
 29026 | D:15     | Found a huge runed gate.
 29028 | D:15     | Found a huge runed gate.
 29028 | D:15     | Found a huge runed gate.
 29029 | D:15     | Found a huge runed gate.
 29030 | D:15     | Found a huge runed gate.
 29031 | D:15     | Found a huge runed gate.
 29033 | D:15     | Found a huge runed gate.
 29034 | D:15     | Found a huge runed gate.
 29035 | D:15     | Found a huge runed gate.
 29072 | D:15     | Found a huge runed gate.
 29072 | D:15     | Found a huge runed gate.
 29072 | D:15     | Found a huge runed gate.
 29073 | D:15     | Found a huge runed gate.
 29074 | D:15     | Found a huge runed gate.
 29075 | D:15     | Found a huge runed gate.
 29076 | D:15     | Found a huge runed gate.
 29077 | D:15     | Found a huge runed gate.
 29245 | D:15     | Noticed a tengu reaver
 29245 | D:15     | Noticed a sphinx
 29246 | D:15     | Noticed a tengu reaver
 29247 | D:15     | Noticed a tengu reaver
 29248 | D:15     | Noticed a storm dragon
 29253 | D:15     | Reached skill level 10 in Evocations
 29409 | D:15     | Noticed a fire giant
 29410 | D:15     | a fire giant changed into a frost giant
 29410 | D:15     | Noticed a frost giant (glowing shapeshifter)
 29418 | D:15     | a frost giant changed into an iron troll
 29422 | D:15     | Killed a tengu reaver
 29677 | D:15     | a catoblepas changed into a storm dragon
 29677 | D:15     | Noticed a storm dragon (glowing shapeshifter)
 29680 | D:15     | a storm dragon changed into a four-headed hydra
 29885 | D:15     | Killed a tengu reaver
 30089 | D:15     | Reached XP level 16. HP: 149/149 MP: 13/13
 30107 | D:15     | Killed a sphinx
 30119 | D:15     | Killed a tengu reaver
 30119 | D:15     | Received a gift from Trog
 30339 | Snake:1  | Entered Level 1 of the Snake Pit
 30471 | D:13     | Bought a ring of protection from fire for 400 gold pieces
 30790 | Lair:2   | Killed Sonja
 32163 | Snake:1  | Noticed Donald
 32173 | Snake:1  | Killed Donald
 33301 | Snake:2  | Found a glowing golden altar of the Shining One.
 33332 | Snake:2  | Found a runed translucent door.
 33333 | Snake:2  | Noticed wjtupper's ghost (adept MiHu)
 34978 | Snake:4  | Entered Level 4 of the Snake Pit
 35085 | Snake:4  | Found a frozen archway.
 35096 | Snake:4  | Reached XP level 17. HP: 163/165 MP: 14/14
 35103 | Snake:4  | Received a gift from Trog
 35144 | IceCv    | Entered an ice cave
 35425 | IceCv    | Found a transporter.
 35436 | IceCv    | Found a transporter.
 35681 | Snake:4  | Identified the +8 tower shield "Japrorchi" {Int+3}
 35681 | Snake:4  | Noticed Louise
 35713 | Snake:4  | Killed Louise
 37043 | Snake:4  | Received a gift from Trog
 37282 | Snake:4  | Got a serpentine rune of Zot
 37740 | Shoals:1 | Entered Level 1 of the Shoals
 38414 | Shoals:1 | Found Dorimul's Magic Scroll Boutique.
 38421 | Shoals:1 | Bought 3 scrolls of teleportation for 153 gold pieces
 38746 | Shoals:1 | Identified the +1 rapier "Olubale" {heavy, +Blink rElec
                  | Str+8 Int-3}
 39753 | Shoals:2 | Received a gift from Trog
 40779 | Shoals:3 | Identified the +2 long sword of Ravage {drain, *Corrode
                  | rElec rF+}
 40802 | Shoals:3 | Reached XP level 18. HP: 106/173 MP: 11/15
 41823 | Shoals:3 | Found Zumogh's General Store.
 41837 | Shoals:4 | Entered Level 4 of the Shoals
 41844 | Shoals:4 | Noticed Nikola
 41855 | Shoals:4 | Killed Nikola
 42194 | Shoals:4 | Received a gift from Trog
 42994 | Shoals:4 | Noticed Aizul
 43012 | Shoals:4 | Killed Aizul
 43036 | Shoals:4 | Received a gift from Trog
 43488 | Shoals:4 | Got a barnacled rune of Zot
 43996 | Elf:1    | Entered Level 1 of the Elven Halls
 44324 | Vaults:1 | Entered Level 1 of the Vaults
 45299 | Vaults:1 | Reached XP level 19. HP: 109/189 MP: 12/16
 45301 | Vaults:1 | Received a gift from Trog
 46171 | Vaults:1 | Identified the +6 arbalest "Tuifaab" {flame, rF+ Will+}
 46806 | Vaults:2 | Found a transporter.
 46806 | Vaults:2 | Noticed Muvus's ghost (adept DsFi)
 46807 | Vaults:2 | Found a transporter.
 46827 | Vaults:2 | Noticed a dread lich
 47184 | Vaults:2 | Received a gift from Trog
 47867 | Vaults:2 | Identified the amulet "Ocopiuz" {Reflect Harm Drain Str+2
                  | SH+5}
 47868 | Vaults:2 | Identified the +0 dagger of Charity {venom, rPois rF+ Int+4
                  | Dex+3}
 47882 | Vaults:2 | Identified the staff of cold "Jucs" {rC+ Will+ rCorr
                  | Stlth-}
 47883 | Vaults:2 | Identified the +6 dagger of the Trees {protect, Fragile
                  | Will++ Str+2 Int+4}
 48018 | Vaults:2 | Reached skill level 10 in Dodging
 48061 | Vaults:2 | Received a gift from Trog
 48720 | Vaults:3 | Found a staircase to the Crypt.
 48978 | Vaults:3 | Reached XP level 20. HP: 191/200 MP: 15/17
 49181 | Vaults:3 | Received a gift from Trog
 49457 | Vaults:3 | Noticed Asterion
 49470 | Vaults:3 | Killed Asterion
 50516 | Vaults:4 | Received a gift from Trog
 50734 | Vaults:4 | Reached skill level 15 in Evocations
 50740 | Vaults:4 | HP: 13/303 [titan (8)]
 51256 | Vaults:4 | Found Fuafam's Weapon Shop.
 51288 | Vaults:4 | Identified the +2 broad axe of Dissatisfaction {flame, rF-
                  | rN++ Will- Stlth+} (Trog gifted it to you on level 4 of the
                  | Vaults)
 51288 | Vaults:4 | Received a gift from Trog
 52278 | Shoals:1 | Bought a scroll of enchant weapon for 127 gold pieces
 52333 | Shoals:3 | Bought 2 scrolls of enchant weapon for 195 gold pieces
 52630 | Snake:4  | Reached XP level 21. HP: 208/211 MP: 16/17
 53339 | Elf:1    | Received a gift from Trog
 55080 | Elf:2    | Found a radiant altar of Vehumet.
 55177 | Elf:2    | Found a runed translucent gate.
 55178 | Elf:2    | Found a runed translucent gate.
 55178 | Elf:2    | Found a runed translucent gate.
 55232 | Elf:2    | Identified the +5 trident of the Spinneret {flame, Fly
                  | rPois rC- rN++} (Trog gifted it to you on level 2 of the
                  | Elven Halls)
 55232 | Elf:2    | Received a gift from Trog
 56057 | Elf:3    | Entered Level 3 of the Elven Halls
 56061 | Elf:3    | Found a flickering gateway to a bazaar.
 56078 | Bazaar   | Entered a bazaar
 56093 | Bazaar   | Found Rel Zozu's Distillery.
 56109 | Bazaar   | Found Giejad's General Store.
 56109 | Bazaar   | Found Cafackio's Book Shoppe.
 56114 | Bazaar   | Bought a scroll of blinking for 67 gold pieces
 56114 | Bazaar   | Bought a scroll of enchant weapon for 67 gold pieces
 56132 | Bazaar   | Found Pecoush's Weapon Emporium.
 56132 | Bazaar   | Found Megumet's General Store.
 56154 | Bazaar   | Found Nudyok's General Store.
 56154 | Bazaar   | Found Forif's Book Shoppe.
 56205 | Bazaar   | Bought the +3 plate armour of Shielding {Rampage Stlth+}
                  | for 430 gold pieces
 56229 | Elf:3    | Found Togausos's Weapon Shoppe.
 56232 | Elf:3    | Paralysed by an air elemental for 1 turns
 56298 | Elf:3    | Found Jiage's General Store.
 56313 | Elf:3    | Bought a scroll of blinking for 82 gold pieces
 56470 | Elf:3    | Paralysed by an air elemental for 1 turns
 56990 | Elf:3    | Received a gift from Trog
 57475 | Elf:3    | Paralysed by an air elemental for 1 turns
 58066 | Elf:3    | Found Jiage's General Store.
 58087 | Elf:3    | Found Togausos's Weapon Shoppe.
 58212 | Elf:3    | Identified the +10 halberd "Lerghef" {freeze, rElec rC++}
 58487 | Elf:3    | Found the +6 lightning scales {swift, rElec}
 58491 | Elf:3    | Identified the staff of conjuration "Bioruzom" {rF+ Int+4
                  | Dex-2}
 58492 | Elf:3    | Identified the +6 longbow of Megalomania {drain, +Blink rC-
                  | rCorr}
 58687 | Elf:3    | Identified the +1 scale mail of Yesterday {rF++ Will+}
 58689 | Elf:3    | Identified the +7 trident of the Bespelling King {elec,
                  | rPois rCorr Stlth+}
 59066 | Depths:1 | Entered Level 1 of the Depths
 59170 | Depths:1 | Reached XP level 22. HP: 182/220 MP: 5/18
 59171 | Depths:1 | Received a gift from Trog
 59346 | Depths:1 | Found a shadowy altar of Dithmenos.
 60046 | Depths:1 | Paralysed by a sphinx for 3 turns
 60239 | Depths:1 | Paralysed by a sphinx for 3 turns
 60422 | Depths:1 | Received a gift from Trog
 60659 | Depths:2 | Found a gateway to Hell.
 60885 | Depths:2 | Found a flickering gateway to a bazaar.
 60903 | Bazaar   | Entered a bazaar
 60903 | Bazaar   | Found Vente's General Store.
 60952 | Bazaar   | Found Pylutuf's Armour Shoppe.
 60962 | Bazaar   | Found Ilyar's Book Shoppe.
 60997 | Bazaar   | Found Laolihem's General Store.
 61006 | Bazaar   | Bought the -2 pair of boots "Voggegei" {rC- rN+++ Regen+
                  | Stlth-} for 183 gold pieces
 61032 | Bazaar   | Bought a scroll of acquirement for 936 gold pieces
 61032 | Bazaar   | Acquired the ring of the Summoning Queen {Fire rElec
                  | Slay+3}
 61313 | Depths:2 | Found a one-way gate leading to the halls of Pandemonium.
 61337 | Depths:2 | Identified the +2 robe of the Cooper {+Inv rElec rN++
                  | Dex-3}
 61478 | Depths:2 | Found Nutzipraene's Magic Scroll Shoppe.
 61557 | Depths:2 | Received a gift from Trog
 61655 | Depths:2 | Identified the amulet "Geyp" {Reflect rC- rCorr Str+6 SH+5
                  | SInv}
 61899 | Depths:3 | Found a one-way gate to the infinite horrors of the Abyss.
 62359 | Depths:3 | Reached XP level 23. HP: 176/232 MP: 1/19
 63224 | Depths:4 | Entered Level 4 of the Depths
 63460 | Depths:4 | Found a one-way gateway to a ziggurat.
 63599 | Depths:4 | Identified the +8 hand axe of False Hope {flame, rPois
                  | Dex+2 Stlth+} (Trog gifted it to you on level 4 of the
                  | Depths)
 63599 | Depths:4 | Received a gift from Trog
 64195 | Depths:4 | Found a gate to the Realm of Zot.
 64633 | Vaults:5 | Entered Level 5 of the Vaults
 64731 | Vaults:5 | Received a gift from Trog
 64731 | Vaults:5 | Noticed an ancient lich
 64749 | Vaults:5 | Killed an ancient lich
 65154 | Vaults:5 | Identified the ring of Contention {AC+4 Str+3}
 65284 | Vaults:5 | Noticed an ancient lich
 65299 | Vaults:5 | Killed an ancient lich
 65442 | Vaults:5 | Reached XP level 24. HP: 214/243 MP: 14/19
 65512 | Vaults:5 | Received a gift from Trog
 65514 | Vaults:5 | Identified the ring "Homaytace" {rCorr Dex+8}
 65861 | Vaults:5 | Found Gateesos's Weapon Boutique.
 65882 | Vaults:5 | Identified the staff of death "Rarig" {rC- rN+ Int+5}
 66108 | Vaults:5 | Got a silver rune of Zot
 66444 | Vaults:5 | Identified the ring "Awe Geu" {rC+ Dex+6}
 66452 | Vaults:5 | Identified the +2 scale mail of Virtue {rF- Str+4}
 66455 | Vaults:5 | Identified the +7 dagger "Hure" {drain, rC++ Str+2}
 66456 | Vaults:5 | Identified the ring of Sunlounn {*Corrode Fly rElec rC+++
                  | Dex-4}
 66582 | Crypt:1  | Entered Level 1 of the Crypt
 66629 | Crypt:1  | Noticed Xtahua
 66644 | Crypt:1  | Paralysed by Xtahua for 4 turns
 66650 | Crypt:1  | Killed Xtahua
 66686 | Crypt:1  | You fall into a shaft and drop 1 floor!
 66738 | Crypt:1  | Noticed Boris
 66747 | Crypt:1  | Killed Boris
 66924 | Crypt:1  | Noticed Grunn
 66932 | Crypt:1  | Killed Grunn
 67970 | Crypt:2  | Noticed Frederick
 67982 | Crypt:2  | Killed Frederick
 67988 | Crypt:2  | Received a gift from Trog
 68683 | Crypt:3  | Entered Level 3 of the Crypt
 68683 | Crypt:3  | Found a staircase to the Tomb.
 68807 | Crypt:3  | Noticed Sojobo
 68858 | Crypt:3  | Killed Sojobo
 69039 | Crypt:3  | Noticed Saint Roka
 69056 | Crypt:3  | Killed Saint Roka
 69200 | Crypt:3  | Paralysed by a vampire knight for 4 turns
 69365 | Crypt:3  | Reached XP level 25. HP: 255/255 MP: 6/19
 69365 | Crypt:3  | Found an ancient bone altar of Kikubaaqudgha.
 69604 | Crypt:3  | Received a gift from Trog
 69905 | Crypt:3  | Paralysed by a vampire knight for 3 turns
 69929 | Crypt:3  | Identified the ring "Kuteett" {rC+ rN+}
 69929 | Crypt:3  | Identified the ring "Qefrisusch" {rN+ rCorr MP+9 Int-4
                  | Slay+4}
 69929 | Crypt:3  | Identified the ring "Geokk" {rN+ rCorr}
 69933 | Crypt:3  | Identified the +9 double sword of Vuggar {freeze, *Slow
                  | rC++ Int+3}
 69935 | Crypt:3  | Identified the +4 mace "Minotaur's Curse" {flame, Contam
                  | rElec rF+ Dex+2}
 70097 | Crypt:3  | Identified the +2 dagger of a Labyrinth {elec, rPois rC-
                  | Dex+6 Stlth+}
 70645 | Depths:1 | Identified the +2 quarterstaff "Jeatusm" {flame, Contam
                  | rPois rC+}
 71155 | D:5      | Killed Sigmund
 71686 | Snake:2  | Killed wjtupper's ghost
 71691 | Snake:2  | Identified the staff of earth "Kirecweh" {rN+ rCorr Dex-3}
 72043 | Vaults:2 | Killed a dread lich
 72061 | Vaults:2 | Killed Muvus's ghost
 72062 | Vaults:2 | Reached skill level 27 in Fighting
 72384 | D:11     | Killed FelidPro's ghost
 72387 | D:11     | Received a gift from Trog
 72555 | D:14     | Killed Opnastoc's ghost
 72737 | Zot:1    | Entered Level 1 of the Realm of Zot
 72745 | Zot:1    | Reached skill level 27 in Armour
 73455 | Zot:1    | Noticed Vv
 73476 | Zot:1    | Killed Vv
 73912 | Zot:1    | You are sucked into a shaft and drop 1 floor!
 74045 | Zot:1    | Found a transporter.
 74048 | Zot:1    | Found a transporter.
 74339 | Zot:1    | Acquired 1178 gold pieces
 74340 | Zot:1    | Acquired 1029 gold pieces
 74350 | Zot:1    | Found a transporter.
 74629 | Zot:1    | Found a transporter.
 74978 | Abyss:2  | Cast into level 2 of the Abyss (green draconian)
 75162 | Abyss:2  | Received a gift from Trog
 75204 | Zot:2    | Escaped the Abyss
 75655 | Zot:2    | Reached XP level 26. HP: 230/266 MP: 6/19
 76353 | Zot:2    | Found a large runed translucent door.
 76354 | Zot:2    | Found a large runed translucent door.
 76354 | Zot:2    | Found a large runed translucent door.
 76354 | Zot:2    | Found a shimmering altar of Xom.
 76354 | Zot:2    | Found a large runed translucent door.
 76354 | Zot:2    | Found a large runed translucent door.
 76354 | Zot:2    | Found a large runed translucent door.
 76357 | Zot:2    | Identified the +4 robe "Xiapnoiff" {rF+ Dex+4}
 76357 | Zot:2    | Identified the +1 robe of the Chewing Gods {rC+ rCorr
                  | Dex-5}
 76373 | Zot:2    | Reached skill level 27 in Shields
 76477 | Zot:2    | Found a large runed translucent door.
 76477 | Zot:2    | Found a large runed translucent door.
 76562 | Zot:2    | Identified the +7 great mace "Ycotz" {chaos, rPois rC-
                  | Int+5}
 76564 | Zot:2    | Identified the +2 longbow of Akleq {elec, Str+2 Int+2
                  | Dex+4}
 76614 | Zot:2    | Received a gift from Trog
 77430 | Zot:3    | Identified the +2 trident "Spiderslayer" {venom, rCorr
                  | Dex+3 SInv}
 79048 | Zot:4    | Received a gift from Trog
 80023 | Zot:5    | Entered Level 5 of the Realm of Zot
 80550 | Zot:5    | Noticed an orb of fire
 80732 | Zot:5    | Killed an orb of fire
 81003 | Zot:5    | Reached XP level 27. HP: 273/273 MP: 19/19
 81003 | Zot:5    | Noticed a dread lich
 81035 | Zot:5    | Noticed a dread lich
 81040 | Zot:5    | Reached skill level 27 in Axes
 81040 | Zot:5    | Killed a dread lich
 81043 | Zot:5    | Killed a dread lich
 81048 | Zot:5    | Noticed an orb of fire
 81059 | Zot:4    | Gained mutation: Your flesh is heat resistant. (rF+) [an
                  | orb of fire]
 81061 | Zot:4    | Gained mutation: You occasionally shout uncontrollably at
                  | your foes. [an orb of fire]
 81068 | Zot:4    | Killed an orb of fire
 81238 | Zot:5    | Received a gift from Trog
 81264 | Zot:5    | Noticed an ancient lich
 81278 | Zot:5    | Killed an ancient lich
 81371 | Zot:5    | Noticed an ancient lich
 81387 | Zot:5    | Killed an ancient lich
 81561 | Zot:5    | Reached skill level 15 in Dodging
 81977 | Zot:5    | Got the Orb of Zot
 82315 | D:13     | Noticed a seraph
 82315 | D:13     | Identified the +5 tower shield of the Lion {rF+ rN+}
 82329 | D:13     | Killed a seraph
 82583 | D:$      | Escaped with the Orb!

Illustrated notes

Levels and vault maps discovered:
D:1:      dpeg_arrival_pits, layout_basic, dreamdust_princess_corridor
D:2:      layout_rooms, basic_altar, hellmonk_ecumenical_altar_blasted,
          minmay_worlds_worst_comb
D:3:      layout_loops_ring, slow_altar_1, minitemple, kennysheep_nondescript,
          serial_bayou_pond_b, minmay_door_square, uniq_grinder
D:4:      layout_rooms, nzn_wu_jian_council_hall, portal_sewer_entry_f,
          nicolae_ossuary_entry_giza, hangedman_abyss_or_decor_stabs
D:5:      layout_loops_ring, lemuel_round_altar, serial_co_window_serial,
          co_window_corner_a, co_window_corner_a, co_window_paths_a,
          co_window_corner_a, co_window_paths_b, co_window_paths_a,
          co_window_paths_b, co_window_corner_a, co_window_paths_a,
          co_window_broadway_c, co_window_unsneaky_path_a, co_window_paths_c,
          co_window_cross_4, co_window_unsneaky_path_c, glass_columns_a,
          glass_columns_c, glass_columns_b, uniq_pikel, uniq_sigmund
D:6:      layout_basic, nicolae_kikubaaqudgha_miasma_corner,
          minmay_temple_entry_hall, uniq_eustachio
D:7:      layout_loops_ring, minivault_19, minmay_lizard_king
D:8:      layout_basic, fedhas_altar_decomposition, serial_curves,
          eino_curves_03, eino_curves_01, enter_bailey_3, minmay_liquid_box,
          minmay_hollow_rounded_squares, uniq_amaemon, uniq_erica
D:9:      layout_irregular_city, tso_altar, mainiacjoe_overflow_surrounded_room,
          hangedman_decor_growths, uniq_maggie
D:10:     layout_roguey, mainiacjoe_overflow_chevrons, kennysheep_mini_moat,
          uniq_snorg, uniq_josephine
D:11:     layout_roguey, minmay_lair_entry_grove,
          kennysheep_orc_monster_closet_entryway, gammafunk_ghost_arena,
          uniq_urug
D:12:     layout_layer_cave, serial_park_tiny_2, elyvilon_altar_1
D:13:     layout_irregular_city, serial_shops, shop, minmay_shop_grid_forest,
          minmay_misc_feat_ornament
D:14:     layout_rooms, david_vaults_2, kennysheep_big_empty_room,
          serial_corexii_hall, corexii_hall_statues_x, corexii_hall_statues_i,
          serial_shops, nicolae_shop_behind_doors, gammafunk_ghost_smash,
          uniq_agnes
D:15:     grunt_enter_depths_giant_problem, layout_grid_maze, minivault_24,
          door_vault
Temple:   nicolae_temple_bog_church
Lair:1:   wad_woods_minihive, layout_chaotic_city, beast_lair_carwin_3
Lair:2:   layout_regular_city, elwin_shoals_entry_stream,
          nicolae_snake_entry_squirm, serial_bayou_shore_b, lemuel_fruit_fields,
          lemuel_fruit_fields, uniq_harold, uniq_sonja
Lair:3:   layout_small_grid, gauntlet_entry_generic, ldierk_geyser
Lair:4:   layout_misc_corridors
Lair:5:   minmay_lair_end_frog_pond, layout_cave_pods,
          minmay_slime_entry_pillars
Shoals:1: layout_shoals, serial_shops, nicolae_shop_statue_plus
Shoals:2: layout_shoals, nicolae_shoals_wave_tunnel
Shoals:3: layout_shoals, serial_shops, nicolae_shop_pleasant_corner_grove,
          nicolae_alphabet_shops
Shoals:4: shoals_end_hellmonk_lost_city, uniq_aizul, uniq_nikola
Snake:1:  layout_layer_cave, nicolae_snake_yet_another_twisty_hallway,
          uniq_donald
Snake:2:  nicolae_snake_unarmed_stairs_patrol, layout_rooms, basic_altar,
          gammafunk_ghost_grave
Snake:3:  layout_basic
Snake:4:  minmay_snake_end_coiled, layout_cave_town,
          portal_ice_cave_entry_ice_simulacra, drop_trap, uniq_louise
Orc:1:    layout_caves, minmay_orc_treasury
Orc:2:    st_orc_pillars, layout_diamond_mine, serial_shops, shop
Elf:1:    nicolae_elf_arrival_no_cutting_in_line, layout_gridlike,
          kennysheep_underground_church
Elf:2:    nicolae_elf_blades_crystal_corner, layout_geoelf_diagonals,
          basic_altar
Elf:3:    nooodl_elf_gasket, layout_geoelf_octagon, serial_shops,
          bzr_entry_road, nicolae_square_shop, nicolae_shop_just_a_little_nook,
          minmay_misc_feat_diagonals, onia_ninara_cookie
Vaults:1: hangedman_vaults_impose, nicolae_vaults_angled_halls,
          nicolae_vaults_diamond_1, nicolae_vaults_wine_cellar,
          vaults_room_corners, nicolae_vaults_yaktaur_gun_rack,
          vaults_room_boxed, v_misc_30, nicolae_vaults_apartment_1,
          nicolae_vaults_apartment_2, dpeg_vaults_monster_box,
          nicolae_vaults_trapezoid_1, hangedman_vaults_stretched_pinwheel,
          nicolae_vaults_double_plus_2, nicolae_vaults_tetromino_T_1,
          layout_vaults_big_room
Vaults:2: gammafunk_ghost_mausoleum, nicolae_vaults_offset_grid_hallway_4,
          nicolae_vaults_mini_display_case, nicolae_vaults_double_plus_2,
          nicolae_vaults_ninety_degrees, v_pattern_5, v_rooms_4,
          hangedman_vaults_slice, hangedman_vaults_stretched_pinwheel,
          hangedman_vaults_slice, nicolae_vaults_storing_the_good_stuff,
          vaults_room_pool, nicolae_vaults_house_1, layout_vaults_ring
Vaults:3: v_rooms_2, nicolae_vaults_network_quinsquares
          [nicolae_vaults_network_quincunx_subvault,
          nicolae_vaults_network_quincunx_subvault,
          nicolae_vaults_network_quincunx_subvault,
          nicolae_vaults_network_quincunx_subvault], v_misc_19,
          vaults_standard_mumra_enter_the_diamond,
          minmay_crypt_entry_simple_sparse, nicolae_vaults_prndl, v_misc_10,
          nicolae_vaults_storage_closets_2, layout_vaults_omnigrid,
          uniq_asterion
Vaults:4: mu_enter_wizlab_4, hangedman_vaults_cutoff,
          nicolae_vaults_angled_halls, nicolae_vaults_variable_pillar_hall,
          nicolae_vaults_house_1, serial_ice_g,
          nicolae_vaults_closet_pinwheel_2, vaults_room_door_ring,
          nicolae_vaults_oval_intersection, ontoclasm_vaults_chip,
          grunt_vaults_swirl, nicolae_vaults_tetromino_T_2,
          nicolae_vaults_tetromino_L_2, v_rooms_4,
          nicolae_vaults_surprise_closet_hard, layout_vaults_maze_bifur,
          serial_shops, nicolae_shop_bloodbath_and_beyond, uniq_margery
Vaults:5
Crypt:1:  layout_misc_corridors, uniq_grunn, uniq_boris, uniq_xtahua
Crypt:2:  layout_gridlike, grunt_megastairs_4, uniq_frederick
Crypt:3:  church_of_pain_bobbens, layout_chaotic_city, uniq_sojobo,
          uniq_saint_roka
Depths:1: layout_gridlike, grunt_dithmenos_smoke_and_mirrors, hellmouth_1,
          special_room [special_room_mythical_zoo], firewood_loft,
          grunt_megastairs_1
Depths:2: minmay_sliced_demisemicircle, layout_basic, hell_entry, serial_shops,
          bzr_entry_safe, nicolae_figureground_sparkle, pan_entry,
          nicolae_inconvenience_store
Depths:3: minmay_ornate_pinched, layout_gridville, abyss_entry,
          grunt_mini_vestibule, grunt_ministairs_2
Depths:4: grunt_zot_entry_gee_three, layout_twisted_cross, enter_ziggurat_f,
          hell_entry, serial_glass, glass_columns_a, glass_columns_b,
          glass_columns_a, glass_columns_c, glass_columns_c, glass_columns_a,
          glass_columns_c, glass_columns_a, glass_columns_a, glass_columns_a,
          hangedman_abyss_or_decor_lesser_grid
Zot:1:    layout_concentric_octagons, nicolae_transporter_circle,
          uniq_josephina, uniq_vv
Zot:2:    layout_misc_corridors, hangedman_xom_zot_hilarity, grunt_megastairs_3
Zot:3:    layout_gridlike
Zot:4:    nicolae_zot_stationary_front, layout_twisted_circle
Zot:5:    layout_twisted_circle

Skill      XL: |  1  2  3  4  5  6  7  8  9 10 11 12 13 14 15 16 17 18 19 20 21 22 23 24 25 26 27 |
---------------+----------------------------------------------------------------------------------+-----
Shields        | 4 7 10 13 15 16 17 21 22 23 24 26 27 | 27.0
Axes           | 4 5 7 9 10 12 13 15 16 18 19 21 26 27 | 27.0
Armour         | 4 6 8 9 11 12 13 15 18 20 21 23 24 25 26 27 | 27.0
Fighting       | 4 6 8 9 11 12 13 15 18 20 21 23 24 25 26 27 | 27.0
Dodging        | 5 7 8 10 12 16 | 16.9
Evocations     | 3 5 10 11 13 14 15 16 17 | 17.7

Action                     |  1- 3 |  4- 6 |  7- 9 | 10-12 | 13-15 | 16-18 | 19-21 | 22-24 | 25-27 || total
---------------------------+-------+-------+-------+-------+-------+-------+-------+-------+-------++-------
  Melee: War axe           |    65 |    90 |   341 |   637 |       |       |       |       |       ||  1133
         Headbutt          |     7 |    15 |    62 |   132 |   193 |   249 |   374 |   545 |   459 ||  2036
         Broad axe         |       |       |       |    42 |   952 |  1128 |  1369 |  1651 |  1373 ||  6515
         Unarmed           |       |       |       |       |       |       |       |       |     1 ||     1
  Throw: Dart              |       |       |       |     2 |       |       |       |       |       ||     2
         Throwing net      |       |       |       |       |     1 |     2 |     1 |       |       ||     4
 Invoke: Berserk           |       |       |       |     9 |    11 |     2 |     2 |     3 |     6 ||    33
         Trog's Hand       |       |       |       |     1 |     6 |     7 |    20 |    20 |     8 ||    62
         Brothers in Arms  |       |       |       |       |     2 |     1 |     1 |     2 |     3 ||     9
  Evoke: Wand              |       |       |       |       |     2 |     7 |       |       |     1 ||    10
         Condenser vane    |       |       |       |       |     1 |       |       |       |       ||     1
         Box of beasts     |       |       |       |       |       |       |     1 |       |       ||     1
    Use: Potion            |       |     1 |       |     1 |     2 |     6 |     8 |     9 |     2 ||    29
         Scroll            |       |       |     6 |     8 |    16 |     3 |    10 |    17 |     5 ||    65
   Stab: Petrified         |       |       |       |       |     2 |       |       |       |       ||     2
         Distracted        |       |       |       |       |     1 |       |       |     1 |     2 ||     4
         Held in net/web   |       |       |       |       |     1 |       |       |       |       ||     1
 Armour: Scale mail        |    10 |       |       |       |       |       |       |       |       ||    10
         Chain mail        |    32 |    29 |   147 |   145 |       |       |       |       |       ||   353
         Plate armour      |       |       |       |    81 |   179 |   379 |   284 |   259 |       ||  1182
         Swamp dragon scal |       |       |       |    31 |   134 |       |       |       |       ||   165
         Gold dragon scale |       |       |       |       |       |       |       |   132 |   553 ||   685
         Skin              |       |       |       |       |       |       |       |       |     1 ||     1
  Dodge: Dodged            |    31 |    26 |   114 |   414 |   301 |   291 |   270 |   278 |   281 ||  2006
  Block: Buckler           |    17 |    13 |    59 |   129 |    15 |       |       |       |       ||   233
         Kite shield       |       |       |       |       |   444 |  1127 |   650 |       |       ||  2221
         Tower shield      |       |       |       |       |       |       |   614 |  1921 |  1777 ||  4312
         Reflection        |       |       |       |       |       |       |       |       |    35 ||    35
